 Dungeon Crawl Stone Soup version 0.28-a0-586-gbdb9d174a4 (webtiles) character file.

Game seed: 5956993314845605176

127 EnegeticOcto the Ducker (level 4, -1/22 HPs)
             Began as a Spriggan Artificer on Oct 3, 2021.
             Was an Initiate of Makhleb.
             Blown up by an orc wizard (23 damage)
             ... with a mindburst bolt
             ... on level 4 of the Dungeon.
             The game lasted 00:10:28 (5565 turns).

EnegeticOcto the Ducker (Spriggan Artificer)        Turns: 5565, Time: 00:10:29

Health: -1/22      AC:  2    Str:  8    XL:     4   Next: 85%
Magic:  6/6        EV: 19    Int: 13    God:    Makhleb [......]
Gold:   76         SH:  0    Dex: 15    Spells: 2/5 levels left

rFire   . . .      SeeInvis +   j - +0 spear
rCold   . . .      Faith    .   (shield restricted)
rNeg    . . .      Spirit   .   b - +0 robe
rPois   .          Reflect  .   (helmet restricted)
rElec   .          Harm     .   (no cloak)
rCorr   .          Rampage  .   (gloves unavailable)
Will    .....                   (boots unavailable)
Stlth   +++.......              (no amulet)
HPRegen 0.07/turn               (no ring)
MPRegen 0.10/turn               (no ring)

@: very quick
A: very small, no large weapons, unfitting armour, see invisible, speed 3
a: Renounce Religion


You were on level 4 of the Dungeon.
You worshipped Makhleb.
Makhleb was noncommittal.
You visited 2 branches of the dungeon, and saw 5 of its levels.

You collected 168 gold pieces.
You spent 92 gold pieces at shops.

Inventory:

Hand Weapons
 a - a +0 club
 g - a +0 short sword
   (You found it on level 1 of the Dungeon)
 j - a +0 spear (weapon)
   (You found it on level 1 of the Dungeon)
 n - a +0 dagger
   (You took it off a goblin on level 2 of the Dungeon)
Missiles
 f - 108 stones
 r - 5 poisoned darts (quivered)
Armour
 b - a +0 robe (worn)
Wands
 c - a wand of flame (12) {@v4}
 d - a wand of charming (15)
Scrolls
 i - a scroll of vulnerability {unknown}
 l - a scroll of enchant weapon
 o - a scroll of torment {unknown}
Potions
 h - a potion of berserk rage {unknown}
 k - 2 potions of curing {@q1 !q}
 m - 2 potions of brilliance
 p - a potion of lignification {@q6}
 q - a potion of heal wounds {unknown}
 s - a potion of flight {unknown}
Miscellaneous
 e - a piece from Xom's chessboard (14/15)


   Skills:
 - Level 1.0 Fighting
 - Level 5.0 Dodging
 - Level 4.0 Stealth
 - Level 1.0 Spellcasting
 + Level 2.7 Hexes
 - Level 4.0 Evocations


You had 2 spell levels left.
You knew the following spells:

 Your Spells              Type           Power      Damage    Failure   Level
b - Summon Guardian Gole  Hex/Summ       4%         N/A       43%         3

Your spell library contained the following spells:

 Spells                   Type           Power      Damage    Failure   Level
 Orb of Destruction       Conj           0%         N/A       100%        7
 Spellforged Servitor     Conj/Summ      0%         N/A       100%        7


Dungeon Overview and Level Annotations

Branches:
Dungeon (4/15)             Temple (1/1) D:4

Altars:
Dithmenos
Elyvilon
Gozag
Kikubaaqudgha
Makhleb
Qazlal
Trog
Uskayaw
Xom
The Shining One

Shops:
D:1 (!*:(

Annotations:
D:1 exclusions: gnoll and 3 jackals
D:2 exclusion: adder
D:3 exclusions: adder, gnoll and 1 more exclusion, Sigmund


Innate Abilities, Weirdness & Mutations

You are very small and have problems with some larger weapons.
You are too small for most types of armour.
You have supernaturally acute eyesight. (SInv)
You cover ground extremely quickly. (Speed+++)


Message History

You barely miss the adder skeleton.
The adder skeleton is lightly damaged.
The adder skeleton misses you.
You hit the adder skeleton but do no damage.
The adder skeleton is lightly damaged.
The adder skeleton misses you.
You barely miss the adder skeleton.
The adder skeleton is lightly damaged.
The adder skeleton closely misses you.
You barely miss the adder skeleton.
The adder skeleton is lightly damaged.
The adder skeleton misses you.
You barely miss the adder skeleton.
The adder skeleton is lightly damaged.
The adder skeleton bites you. x2
You hit the adder skeleton.
The adder skeleton is lightly damaged.
The adder skeleton closely misses you.
You hit the adder skeleton.
The adder skeleton is moderately damaged.
The adder skeleton misses you.
You hit the adder skeleton.
The adder skeleton is heavily damaged.
The adder skeleton misses you.
You hit the adder skeleton but do no damage.
The adder skeleton is heavily damaged.
The adder skeleton closely misses you.
You hit the adder skeleton but do no damage.
The adder skeleton is heavily damaged.
The adder skeleton bites you. The adder skeleton closely misses you.
You barely miss the adder skeleton.
The adder skeleton is heavily damaged.
The adder skeleton barely misses you.
You hit the adder skeleton.
The adder skeleton is severely damaged.
The adder skeleton barely misses you.
You hit the adder skeleton but do no damage.
The adder skeleton is severely damaged.
The adder skeleton misses you.
You barely miss the adder skeleton.
The adder skeleton is severely damaged.
The adder skeleton closely misses you. The adder skeleton misses you.
You hit the adder skeleton but do no damage.
The adder skeleton is severely damaged.
The adder skeleton barely misses you.
You hit the adder skeleton.
The adder skeleton is severely damaged.
The adder skeleton bites you.
You hit the adder skeleton but do no damage.
The adder skeleton is severely damaged.
The adder skeleton closely misses you.
You hit the adder skeleton but do no damage.
The adder skeleton is severely damaged.
The adder skeleton completely misses you.
You hit the adder skeleton.
You destroy the adder skeleton!
You start resting.
HP restored.
You see here a +0 dagger.
Found a staircase to the Ecumenical Temple.
There is a staircase to the Ecumenical Temple here.
You climb downwards.
Welcome to the Ecumenical Temple!
Found an ancient bone altar of Kikubaaqudgha and a shimmering altar of Xom.
There is a staircase back to the Dungeon here.
Found a stormy altar of Qazlal.
There is a stormy altar of Qazlal here.
Found a bloodstained altar of Trog.
Found a shadowy altar of Dithmenos.
Found a glowing golden altar of the Shining One.
There is a glowing golden altar of the Shining One here.
Found an opulent altar of Gozag.
Found a burning altar of Makhleb.
Found a hide-covered altar of Uskayaw.
There is a hide-covered altar of Uskayaw here.
Press: ? - help, . - travel You can't see that place. [a burning altar of Makhleb.]
There is a burning altar of Makhleb here.
You kneel at the altar of Makhleb.
Makhleb welcomes you!
There is an opulent altar of Gozag here.
There is an ancient bone altar of Kikubaaqudgha here.
There is a staircase back to the Dungeon here.
You climb upwards.
Welcome back to the Dungeon!
There is a staircase to the Ecumenical Temple here.
An orc wizard is nearby!
Throw: 7 darts (poison)
Press: ? - help, Q - select action, (/) - cycle Shift-Dir - straight line, f - orc wizard
Aim: an orc wizard, wielding a +0 short sword, wearing a +0 robe and carrying a wand of mindburst (11) (wandering, hasn't noticed you, 50% to hit)
You throw a poisoned dart. The poisoned dart hits the orc wizard.
The orc wizard shouts!
Throw: 6 darts (poison)
Press: ? - help, Q - select action, (/) - cycle Shift-Dir - straight line, f/p - orc wizard
Aim: an orc wizard, wielding a +0 short sword, wearing a +0 robe and carrying a wand of mindburst (11) (50% to hit)
You throw a poisoned dart. The poisoned dart hits the orc wizard.
The orc wizard is poisoned.
An adder comes into view.
The orc wizard zaps a wand.
Your mind is blasted!
Ouch! That really hurt!
You die...

....#..# ...#
#####..#########...#
#..##.....##...#
#......#... # S
#...........# o.
###########.# ..##'#...
..........)#####......#
..........##.##.......#
..........#.....@.....#
.........#...>..#.....'.
...............###....##
######...####..#
.............# #..##
##..# ...(........+ #...
.#..# ....(.......# ###
. .... ...........# #.
..#.............# ###..
.....(#


You could see an orc wizard (poisoned) and an adder (wandering).

Vanquished Creatures
  Terence (D:3)
  A killer bee zombie (D:3)
  2 adders
  An adder skeleton (D:4)
  A worm (D:3)
  2 dart slugs
  4 orcs
  5 ball pythons
  3 endoplasms
  3 giant cockroaches
  5 hobgoblins
  5 kobolds
  3 bats
  5 frilled lizards
  7 goblins
  5 rats
53 creatures vanquished.

Notes
Turn   | Place    | Note
-------+----------+-------------------------------------------
     0 | D:1      | EnegeticOcto the Spriggan Artificer began the quest for the
                  | Orb.
     0 | D:1      | Reached XP level 1. HP: 9/9 MP: 2/2
    24 | D:1      | Found Zoriq's Distillery.
    55 | D:1      | Found Zoeg Reke's Weapon Emporium.
   224 | D:1      | Reached skill level 2 in Stealth
   307 | D:1      | Found Poirphaph's General Store.
   439 | D:1      | Bought a potion of curing for 33 gold pieces
   524 | D:1      | Reached skill level 3 in Stealth
   535 | D:1      | Reached XP level 2. HP: 14/14 MP: 3/3
   877 | D:1      | Reached skill level 4 in Stealth
  1208 | D:1      | Bought a scroll of identify for 26 gold pieces
  1540 | D:1      | Found Siuleu's Weapon Shop.
  1540 | D:1      | Found Toank's Book Boutique.
  1964 | D:2      | Reached skill level 1 in Fighting
  2135 | D:2      | Reached XP level 3. HP: 18/18 MP: 4/4
  2238 | D:1      | Bought a potion of lignification for 33 gold pieces
  2340 | D:2      | Reached skill level 4 in Dodging
  2644 | D:2      | Found a faded altar of an unknown god.
  3303 | D:3      | Noticed Sigmund
  3616 | D:3      | Noticed Terence
  3678 | D:3      | Killed Terence
  3679 | D:3      | Reached skill level 5 in Dodging
  3679 | D:3      | Reached skill level 1 in Spellcasting
  3679 | D:3      | Reached XP level 4. HP: 22/22 MP: 4/6
  3740 | D:3      | Learned a level 3 spell: Summon Guardian Golem
  3775 | D:3      | Found a white marble altar of Elyvilon.
  3791 | D:3      | Reached skill level 1 in Hexes
  3944 | D:3      | Reached skill level 2 in Hexes
  5311 | D:4      | Found a staircase to the Ecumenical Temple.
  5318 | Temple   | Entered the Ecumenical Temple
  5511 | Temple   | Became a worshipper of Makhleb the Destroyer
  5565 | D:4      | Blown up by an orc wizard

Illustrated notes

Levels and vault maps discovered:
D:1:      dpeg_arrival_arbitrary_b, layout_loops_corners, serial_shops, shop,
          shop, nicolae_square_shop, nicolae_shop_crystal, shop,
          chequers_serial_rivers_small_b
D:2:      layout_loops_ring, dreamdust_ecumenical_altar_statues, serial_forest,
          infiniplex_forest_end_2, infiniplex_forest_lined_3,
          infiniplex_forest_end_2, infiniplex_forest_clump_large,
          infiniplex_forest_straight_5, infiniplex_forest_diagonal,
          infiniplex_forest_lined_2, infiniplex_forest_lined_room_3
D:3:      minmay_evil_eye, layout_loops_cross, general_overflow_altar,
          kennysheep_nub, corexii_corridor_pit, uniq_sigmund, uniq_terence
D:4:      layout_gridville, mainiacjoe_overflow_brackets,
          minmay_temple_entry_wispy
Temple:   dpeg_chambers_temple

Skill      XL: |  1  2  3  4 |
---------------+-------------+-----
Stealth        | 3 4 |  4.0
Fighting       | 1 |  1.0
Dodging        | 5 |  5.0
Spellcasting   | 1 |  1.0
Hexes          | 2 |  2.7
Evocations     | |  4.0

Action                   |  1- 3 |  4- 6 || total
-------------------------+-------+-------++-------
Melee: Short sword       |    29 |       ||    29
       Spear             |   146 |   104 ||   250
Throw: Stone             |    65 |    15 ||    80
       Dart              |     6 |     3 ||     9
Evoke: Wand              |     3 |       ||     3
       Piece from Xom's  |       |     3 ||     3
  Use: Scroll            |     2 |       ||     2
 Stab: Sleeping          |     5 |     2 ||     7
       Distracted        |     1 |       ||     1
Armor: Robe              |     9 |    11 ||    20
Dodge: Dodged            |    85 |    69 ||   154

Table legend: (Time is in decaauts)
 A = Elapsed time spent in this place.
 B = Non-inter-level travel time spent in this place.
 C = Inter-level travel time spent in this place.
 D = Time resting spent in this place.
 E = Time spent auto-exploring this place.
 F = Levels seen in this place.
 G = Mean time per level.
                   A        B        C        D        E       F      G
               +--------+--------+--------+--------+--------+-----+--------+
         Total |   4192 |   3929 |    263 |    781 |   2334 |   5 |  838.4 |
       Dungeon |   4046 |   3819 |    227 |    781 |   2233 |   4 | 1011.5 |
        Temple |    145 |    109 |     36 |      0 |    100 |   1 |  145.0 |
               +--------+--------+--------+--------+--------+-----+--------+

Top non-repeatable levels by time:
     D:1: 1456 daAuts
     D:3: 1232 daAuts
     D:2: 820 daAuts
     D:4: 538 daAuts
  Temple: 145 daAuts
